Map: Ice and Chrome LE

Players

Yoger - Winner!

  • Race: Zerg Zerg
  • Spawn Location: 7:00

Naxin

  • Race: Terran Terran
  • Spawn Location: 1:00

Event: DreamHack SC2 Masters 2020 Fall

VOD

Have the link to the VOD?

Description

Time

  • Played on: Aug. 27, 2020, 7:55 a.m.
  • Length: 11:57

All games in this series

Show
View Real Time Build Order
Export as new Build Order

Yoger Zerg - Winner!

Build Orders: Hatch First, Muta Ling Bane 

Get SALT Encoding   

  12  0:00  Drone  
  13  0:12  Overlord  
  13  0:17  Drone  
  14  0:30  Drone x2  
  16  0:47  Hatchery  
  15  0:51  Drone  
  15  0:54  Drone  
  17  0:58  Drone  
  18  1:09  Extractor  
  17  1:15  Spawning Pool  
  17  1:18  Drone  
  17  1:20  Drone  
  18  1:28  Drone  
  19  1:39  Drone  
  20  1:50  Overlord  
  20  2:01  Queen x2  
  20  2:02  Zergling x4  
  26  2:10  Metabolic Boost  
  26  2:11  Drone  
  26  2:13  Drone  
  28  2:22  Drone x2  
  30  2:34  Overlord  
  30  2:35  Drone  
  31  2:37  Queen  
  33  2:46  Drone  
  33  2:48  Overlord  
  34  2:53  Drone  
  34  2:55  Drone  
  36  3:02  Hatchery  
  35  3:07  Pneumatized Carapace  
  35  3:11  Drone  
  35  3:12  Drone  
  37  3:14  Drone  
  37  3:16  Drone  
  37  3:19  Drone x2  
  41  3:22  Drone  
  41  3:26  Drone  
  43  3:30  Drone  
  43  3:32  Queen  
  46  3:36  Overlord  
  46  3:42  Drone  
  46  3:47  Drone x3  
  50  3:51  Overlord  
  50  3:52  Zergling x4  
  52  3:56  Zergling x2  
  52  4:00  Drone  
  52  4:01  Zergling x2  
  55  4:09  Queen  
  55  4:11  Drone x2  
  55  4:13  Lair  
  55  4:14  Baneling Nest  
  55  4:15  Drone  
  59  4:17  Drone  
  59  4:18  Drone  
  59  4:20  Queen  
  59  4:23  Zergling x4  
  65  4:27  Drone x2  
  67  4:32  Extractor  
  67  4:34  Drone x2  
  68  4:40  Overlord  
  68  4:43  Drone  
  69  4:46  Drone x3  
  69  4:47  Drone x2  
  69  4:48  Overlord x2  
  74  4:58  Overlord  
  74  5:02  Hatchery  
  74  5:03  Drone x4  
  74  5:04  Overlord  
  74  5:06  Extractor  
  76  5:07  Drone, Extractor  
  76  5:13  Centrifical Hooks  
  76  5:14  Drone  
  76  5:15  Drone x3  
  76  5:19  Extractor  
  76  5:21  Drone x4  
  80  5:22  Zergling x2  
  80  5:23  Zergling x2  
  80  5:24  Extractor  
  84  5:32  Zergling x2  
  84  5:33  Zergling x8  
  84  5:34  Evolution Chamber  
  88  5:36  Evolution Chamber  
  88  5:40  Zergling x2  
  88  5:45  Baneling x4  
  88  5:46  Zergling x10  
  88  5:47  Baneling  
  88  5:48  Baneling x5  
  88  5:49  Baneling x2  
  92  5:53  Zergling x2  
  92  5:54  Zergling x4  
  95  5:57  Zergling x6  
  95  5:59  Baneling x4  
  95  6:02  Baneling  
  95  6:03  Zergling x4, Baneling  
  100  6:05  Zergling x2  
  100  6:06  Zergling x2  
  91  6:23  Drone  
  91  6:24  Spire  
  91  6:25  Drone x6  
  94  6:29  Drone  
  94  6:30  Drone x4  
  100  6:36  Drone x2  
  100  6:38  Zergling x8  
  100  6:39  Zergling x4, Zerg Melee Weapons Level 1  
  108  6:42  Zerg Ground Armor Level 1  
  108  6:44  Baneling x3  
  108  6:46  Overseer  
  108  6:48  Baneling x2  
  106  6:57  Drone  
  106  6:58  Overlord x2  
  106  6:59  Queen  
  109  7:04  Drone x2  
  109  7:06  Extractor  
  110  7:12  Drone x4  
  112  7:16  Drone  
  112  7:19  Hatchery  
  112  7:23  Zergling x20  
  119  7:37  Baneling  
  119  7:38  Baneling x5  
  119  7:39  Overlord x2  
  119  7:44  Mutalisk x4  
  127  7:52  Overlord, Zerg Flyer Weapons Level 1  
  127  7:53  Overlord  
  127  7:56  Baneling x3  
  127  7:57  Baneling x3  
  126  7:59  Mutalisk x6  
  137  8:06  Zergling x8  
  137  8:12  Baneling x8  
  141  8:14  Zergling x2  
  141  8:15  Zergling x22  
  141  8:18  Overseer  
  153  8:23  Zergling x8  
  140  8:34  Zergling x2  
  140  8:35  Zergling x8  
  140  8:39  Mutalisk x3  
  146  8:46  Zergling x18  
  152  8:55  Zergling x14  
  141  8:58  Infestation Pit  
  141  8:59  Zerg Melee Weapons Level 2, Zerg Ground Armor Level 2  
  141  9:02  Zergling x2  
  141  9:03  Zergling x2  
  141  9:07  Zergling x2  
  141  9:08  Zergling x4  
  145  9:11  Baneling x11  
  145  9:13  Zergling x4, Hatchery  
  146  9:20  Mutalisk  
  146  9:22  Overlord x2  
  146  9:23  Zergling x14  
  155  9:31  Overlord x2  
  155  9:32  Overseer x2  
  155  9:36  Hive  
  155  9:38  Zergling x6  
  156  9:43  Drone x3  
  156  9:44  Drone  
  162  9:45  Mutalisk x2  
  162  9:46  Mutalisk  
  162  9:47  Zergling x4  
  162  9:48  Zergling x2  
  171  10:08  Zergling x22  
  180  10:15  Overlord x2  
  180  10:20  Overlord x3  
  180  10:24  Baneling x16  
  180  10:25  Baneling x7  
  180  10:28  Extractor  
  179  10:29  Burrow  
  179  10:31  Drone x3  
  179  10:35  Zergling x12  
  182  10:36  Zergling x10  
  192  10:50  Baneling x14  
  192  10:52  Zergling x2  
  192  10:53  Zergling x12  
  195  11:10  Zergling x2  
  195  11:11  Zergling x32  
  193  11:13  Baneling x7  
  193  11:14  Baneling x8  
  196  11:23  Zergling x12  
  196  11:24  Zergling x8  
  196  11:27  Baneling x2  
  196  11:28  Baneling x7  
  185  11:35  Zergling x12  
Show
View Real Time Build Order
Export as new Build Order

Naxin Terran 

Build Orders: Reaper Expand 

Get SALT Encoding   

  12  0:00  SCV  
  13  0:12  SCV  
  14  0:17  Supply Depot  
  14  0:24  SCV  
  15  0:39  SCV  
  15  0:42  Barracks  
  16  0:45  Refinery  
  16  0:51  SCV  
  17  1:03  SCV  
  18  1:15  SCV  
  19  1:29  Orbital Command, Reaper  
  20  1:41  Command Center  
  20  1:50  Supply Depot  
  20  1:56  SCV  
  20  2:00  Marine  
  22  2:08  SCV  
  23  2:13  Factory  
  23  2:18  Marine  
  23  2:20  SCV  
  25  2:24  Barracks  
  25  2:32  SCV  
  26  2:39  Barracks Reactor  
  26  2:44  SCV  
  27  2:53  Orbital Command  
  27  2:56  SCV  
  28  3:00  Hellion  
  30  3:08  SCV  
  31  3:15  Barracks Reactor  
  31  3:17  Supply Depot  
  31  3:18  SCV  
  32  3:20  SCV  
  32  3:23  Barracks Tech Lab  
  33  3:27  Hellion x2  
  33  3:31  SCV  
  33  3:33  SCV  
  39  3:37  Command Center  
  39  3:41  Marine  
  39  3:42  Stimpack  
  40  3:49  SCV x2, Supply Depot  
  40  3:54  Marine x2  
  44  3:59  Marine  
  44  4:01  SCV  
  44  4:02  SCV  
  47  4:03  Hellion x2  
  51  4:10  Refinery x2  
  51  4:13  SCV  
  51  4:14  SCV  
  53  4:17  Marine x2  
  53  4:19  Marine  
  53  4:20  Supply Depot  
  56  4:28  Starport, SCV x2  
  58  4:32  Hellion  
  58  4:35  Marine x2  
  62  4:41  Marine  
  62  4:43  SCV x2  
  65  4:48  Supply Depot  
  65  4:52  Orbital Command  
  65  4:53  Marine x2  
  65  4:54  Hellion  
  65  4:55  SCV  
  65  4:58  SCV  
  65  4:59  Marine  
  72  5:07  Medivac x2  
  74  5:09  Armory  
  74  5:10  SCV x2  
  78  5:16  Marine  
  78  5:17  Supply Depot  
  78  5:20  Marine x2  
  81  5:22  Combat Shield  
  81  5:29  Factory Tech Lab  
  81  5:30  SCV x2  
  81  5:34  Marine  
  84  5:38  Marine  
  84  5:40  Supply Depot, Marine  
  86  5:43  SCV x2  
  88  5:52  Engineering Bay, Barracks, Marine  
  88  5:53  Engineering Bay, Barracks  
  88  5:56  Marine  
  90  5:58  Marine  
  90  6:02  SCV x2  
  90  6:04  Widow Mine  
  95  6:10  Marine  
  95  6:12  Barracks  
  95  6:14  Marine  
  95  6:16  Marine  
  95  6:17  SCV  
  86  6:24  SCV  
  82  6:26  Medivac x2, Terran Infantry Armor Level 1, Terran Infantry Weapons Level 1  
  82  6:27  Marine  
  82  6:29  SCV  
  82  6:31  Drilling Claws, Widow Mine, Marine  
  91  6:35  Orbital Command  
  91  6:37  SCV  
  91  6:39  Marine  
  93  6:40  Barracks Reactor  
  93  6:41  Barracks Reactor  
  93  6:45  Marine  
  94  6:49  Marine  
  97  6:54  Widow Mine  
  97  6:56  Marine  
  97  6:59  Refinery  
  98  7:01  Barracks Tech Lab  
  98  7:02  SCV x2  
  98  7:03  Marine  
  98  7:07  Marine  
  98  7:08  SCV  
  103  7:10  Barracks  
  103  7:11  Barracks  
  103  7:14  SCV, Marine  
  98  7:16  Marine  
  98  7:18  SCV  
  98  7:20  SCV  
  98  7:21  Marine  
  102  7:23  Barracks  
  102  7:24  Marine x2  
  102  7:25  Marine  
  102  7:26  SCV, Widow Mine  
  108  7:30  SCV  
  105  7:37  Marauder, Marine x2  
  105  7:43  Supply Depot  
  109  7:45  Supply Depot  
  109  7:47  Supply Depot  
  109  7:57  Marine x2  
  109  7:58  Marine  
  109  8:04  Medivac x2, Marine  
  109  8:05  Marauder, Supply Depot  
  117  8:06  Widow Mine, Marine x3  
  117  8:07  Supply Depot  
  117  8:08  Barracks Tech Lab  
  117  8:09  Barracks Tech Lab  
  117  8:10  Supply Depot  
  121  8:14  Marine x2  
  121  8:16  Marine  
  124  8:23  Marauder  
  124  8:24  Marine x3  
  124  8:26  Marauder  
  131  8:32  Marine  
  120  8:35  Marauder, Marine x3  
  120  8:38  Terran Infantry Weapons Level 2  
  117  8:42  Widow Mine, Marine x3  
  117  8:44  Marauder  
  117  8:48  Marauder  
  118  8:50  Marine  
  118  8:53  Marine x2  
  118  8:54  Marauder  
  100  8:56  Marine  
  100  8:58  Medivac  
  100  8:59  Medivac, Marine x3  
  98  9:04  Widow Mine  
  98  9:05  Missile Turret, Marine  
  98  9:06  Missile Turret  
  98  9:07  Missile Turret, Marine  
  98  9:08  Marine  
  103  9:11  Terran Infantry Armor Level 2  
  103  9:14  Marine x2  
  103  9:15  Marauder  
  103  9:16  Marine x2  
  109  9:23  Marine  
  109  9:24  Marauder  
  114  9:25  Marine  
  114  9:26  Marine  
  114  9:27  Widow Mine  
  114  9:28  Medivac  
  114  9:29  Medivac  
  122  9:32  Marine  
  121  9:39  Factory  
  121  9:40  Marine x2  
  121  9:41  Marauder  
  121  9:42  Supply Depot  
  121  9:43  Command Center, Barracks Reactor  
  121  9:44  Marauder  
  127  9:47  Marauder  
  127  9:51  Marine x3  
  132  9:55  Refinery, Supply Depot  
  132  9:58  Marauder  
  133  10:01  Marine x2  
  133  10:02  Marauder  
  133  10:06  Marine  
  132  10:08  Marine  
  132  10:09  Marine x3  
  133  10:14  Missile Turret  
  133  10:19  Thor, Marine x2  
  133  10:20  Marauder, Marine  
  144  10:23  Marauder  
  144  10:24  Marine  
  144  10:25  Marine  
  144  10:27  Widow Mine x2  
  152  10:29  Medivac  
  154  10:36  Marine x2  
  154  10:41  Marauder, Supply Depot  
  157  10:42  Supply Depot  
  157  10:44  Supply Depot  
  157  10:45  Supply Depot  
  157  10:48  Marine  
  157  10:49  Missile Turret, Marauder  
  159  10:51  Marine x2  
  156  11:05  Marine  
  156  11:06  Marauder, Marine x2  
  156  11:11  Marauder, Marine x2  
  144  11:12  Marine  
  144  11:13  Marine  
  143  11:23  Marine  
  143  11:24  Marauder  
  143  11:25  Marine x2  
  119  11:34  Marauder, Marine  

Tags
 
Add a new tag
Caveats
  • Supply blocks, unpowered buildings, or Contaminate may cause inaccurate times.
  • Supply counts are checked every 10 seconds.